AoeStats
← Anthony

Black Forest

508255740Analyzed
4v4 RM · 10d ago on Sep 21, 2026· 50m 17s· 8 players
Game mode
Random Map
Map size
Large (8 player)
Population
200
Speed
Normal
Resources
Standard
Victory
Conquest
Starting age
Dark Age
Ending age
Imperial Age
RankedLock teamsTeams togetherTeam positionsShared explorationLock speedFull tech treeHidden civsTurbo modeCheats
Victory
Defeat
🇹🇼 Khmer · Taiwan
1277
+14
🇳🇴 Romans · Norway
1254
+15
🇫🇷 Cumans · France
1252
+15
🇷🇺 Persians · Russia
1166
+20
🇩🇪 Italians · Germany
1376
-21
🇸🇪 Poles · Sweden
1282
-18
🇩🇰 Turks · Denmark
1227
-16
🇷🇴 Persians · Romania
1050
-9
Szorinx
1:35 Loom
12:26 Feudal Age
16:26 Castle Age
16:36 Scale Barding Armor
25:03 Chain Barding Armor
24:53 Forging
26:44 Horse Collar
26:50 Double-Bit Axe
27:43 Wheelbarrow
27:03 Gold Mining
29:09 Stone Mining
30:55 Hand Cart
32:10 Heavy Plow
32:21 Bow Saw
36:21 Imperial Age
33:47 Fletching
33:57 Padded Archer Armor
35:44 Bodkin Arrow
36:04 Leather Archer Armor
37:07 Ballistics
37:23 Conscription
37:05 Bracer
36:52 Elite Genoese Crossbowman
37:59 Scale Mail Armor
38:30 Ring Archer Armor
40:03 Iron Casting
39:43 Chain Mail Armor
41:05 Chemistry
40:16 Masonry
43:21 Plate Mail Armor
44:11 Pikeman
44:52 Squires
46:09 Blast Furnace
Azazel
12:12 Feudal Age
16:46 Castle Age
15:20 Double-Bit Axe
15:17 Horse Collar
16:49 Wheelbarrow
24:21 Bow Saw
29:28 Heavy Plow
29:38 Gold Mining
29:38 Stone Mining
31:33 Gold Shaft Mining
32:00 Forging
31:55 Scale Barding Armor
34:33 Imperial Age
32:19 Hand Cart
32:31 Husbandry
34:27 Iron Casting
34:13 Chain Barding Armor
34:20 Cavalier
36:34 Blast Furnace
36:27 Crop Rotation
37:58 Two-Man Saw
36:27 Savar
38:54 Conscription
39:15 Caravan
43:47 Squires
43:07 Pikeman
43:33 Arson
44:36 Halberdier
49:06 Bloodlines
48:16 Light Cavalry
49:50 Hussar
49:58 Heavy Camel Rider
Jesus_was_black
0:30 Loom
12:10 Feudal Age
13:37 Man-at-Arms
23:33 Horse Collar
23:44 Double-Bit Axe
28:07 Castle Age
26:39 Forging
26:30 Scale Mail Armor
29:19 Fletching
30:42 Gold Mining
32:07 Chain Mail Armor
31:55 Squires
43:14 Stone Mining
46:08 Bow Saw
Dongart
0:55 Loom
18:59 Feudal Age
20:35 Double-Bit Axe
23:05 Castle Age
20:56 Horse Collar
23:20 Gold Mining
27:22 Bow Saw
29:21 Padded Archer Armor
34:01 Imperial Age
33:13 Leather Archer Armor
33:26 Heavy Plow
34:20 Fortified Wall
35:53 Ring Archer Armor
37:18 Two-Man Saw
37:55 Fletching
40:17 Conscription
43:35 Wheelbarrow
45:37 Bombard Tower
46:12 Stone Mining
48:16 Treadmill Crane
48:32 Murder Holes
50:05 Coinage
49:52 Caravan
50:53 Hand Cart
51:18 Gold Shaft Mining
Anthony
9:46 Feudal Age
9:52 Man-at-Arms
14:00 Double-Bit Axe
17:32 Horse Collar
22:19 Wheelbarrow
25:31 Castle Age
24:56 Scale Mail Armor
25:07 Forging
25:36 Pikeman
26:16 Squires
26:34 Chain Mail Armor
26:47 Hand Cart
27:08 Long Swordsman
29:46 Bow Saw
33:21 Gold Mining
33:33 Heavy Plow
33:27 Stone Mining
37:05 Loom
37:05 Town Watch
40:03 Imperial Age
40:37 Gold Shaft Mining
41:04 Iron Casting
44:26 Blast Furnace
42:48 Legionary
44:51 Halberdier
47:43 Conscription
ZhongliN
0:36 Loom
15:14 Feudal Age
15:52 Double-Bit Axe
20:28 Castle Age
18:24 Horse Collar
19:04 Gold Mining
20:04 Stone Mining
21:28 Bow Saw
22:58 Wheelbarrow
22:09 Town Watch
22:41 Heavy Plow
29:33 Bloodlines
29:24 Husbandry
28:46 Light Cavalry
35:11 Imperial Age
33:24 Scale Barding Armor
33:30 Forging
33:18 Fletching
34:40 Chain Barding Armor
35:18 Ballistics
36:43 Conscription
37:58 Plate Barding Armor
37:53 Hussar
39:40 Double Crossbow
39:40 Bodkin Arrow
39:45 Padded Archer Armor
41:31 Murder Holes
43:11 Chemistry
45:36 Bracer
48:56 Hand Cart
50:01 Iron Casting
49:42 Leather Archer Armor
50:41 Crop Rotation
AngryKok
0:26 Loom
13:39 Feudal Age
13:58 Double-Bit Axe
13:54 Horse Collar
15:09 Wheelbarrow
14:20 Town Watch
18:34 Castle Age
21:23 Bow Saw
24:27 Hand Cart
29:09 Imperial Age
28:16 Forging
28:11 Scale Barding Armor
28:31 Ballistics
28:08 Murder Holes
28:29 Fletching
28:39 Padded Archer Armor
28:46 Scale Barding Armor
29:52 Iron Casting
29:23 Heavy Plow
29:25 Bodkin Arrow
30:54 Leather Archer Armor
31:41 Chemistry
31:17 Chain Barding Armor
31:31 Crop Rotation
31:47 Gold Mining
32:08 Kamandaran
32:18 Citadels
32:28 Conscription
33:33 Blast Furnace
32:47 Masonry
32:46 Devotion
32:15 Crossbowman
34:12 Ring Archer Armor
35:08 Two-Man Saw
34:47 Gold Shaft Mining
34:25 Thumb Ring
35:45 Plate Barding Armor
35:20 Elite War Elephant
37:42 Husbandry
37:53 Bloodlines
41:14 Cavalier
41:50 Heavy Camel Rider
Youness_93
8:52 Feudal Age
11:57 Double-Bit Axe
12:16 Horse Collar
17:17 Gold Mining
18:30 Wheelbarrow
23:54 Castle Age
21:41 Loom
24:44 Heavy Plow
25:36 Gold Shaft Mining
26:18 Sanctity
26:10 Fervor
28:57 Town Watch
29:36 Hand Cart
29:46 Bow Saw
29:22 Capped Ram
34:09 Imperial Age
33:17 Scale Mail Armor
33:27 Forging
33:19 Stone Mining
34:16 Chain Mail Armor
34:23 Siege Ram
36:56 Chemistry
36:03 Pikeman
36:43 Squires
37:21 Man-at-Arms
37:21 Halberdier
38:28 Atonement
39:45 Two-Man Saw
39:16 Crop Rotation
43:53 Plate Mail Armor
43:58 Iron Casting
43:53 Onager
45:00 Scale Barding Armor
44:55 Padded Archer Armor
44:46 Fletching
45:41 Siege Onager
46:54 Herbal Medicine
46:59 Devotion
48:12 Town Patrol
49:15 Long Swordsman
50:57 Blast Furnace
49:52 Bodkin Arrow
50:12 Two-Handed Swordsman
Connection lost

Rejoining the realm…

Still unreachable

The connection could not be restored.

Session expired

The server has moved on; the page needs a fresh start.